 Dungeon Crawl Stone Soup version 0.28.0-55-gcd9437bce4 (webtiles) character file.

Game seed: 9378545377254927222

1773 nerdsy the Slinger (level 8, -52/69 HPs)
             Began as a Deep Dwarf Conjurer on Jan 2, 2023.
             Was a Follower of Nemelex Xobeh.
             Annihilated by a titanic slime creature (73 damage)
             ... on level 7 of the Dungeon.
             The game lasted 00:32:34 (4480 turns).

nerdsy the Slinger (Deep Dwarf Conjurer)            Turns: 4480, Time: 00:32:35

Health: -52/69     AC: 12    Str: 11    XL:     8   Next: 80%
Magic:  1/4        EV:  6    Int: 27    God:    Nemelex Xobeh [*.....]
Gold:   289        SH:  0    Dex: 14    Spells: 10/11 levels left

rFire   . . .      SeeInvis .   m - +6 hunting sling of Oluqou {freeze, Dex+3}
rCold   . . .      Faith    .   (no shield)
rNeg    . . .      Spirit   .   e - +1 chain mail
rPois   .          Reflect  .   (no helmet)
rElec   .          Harm     .   (no cloak)
rCorr   .          Rampage  .   g - +0 pair of gloves
Will    +....                   (no boots)
Stlth   ..........              (no amulet)
HPRegen 0.00/turn               w - +6 ring of intelligence
MPRegen 0.09/turn               (no ring)

@: very slightly contaminated
A: damage resistance, heal wounds, sense surroundings 1, no regeneration
a: Heal Wounds, Renounce Religion, Draw Escape, Draw Destruction, Draw Summoning


You were on level 7 of the Dungeon.
You worshipped Nemelex Xobeh.
Nemelex Xobeh was aware of your devotion.
You visited 2 branches of the dungeon, and saw 8 of its levels.

You collected 334 gold pieces.
You spent 45 gold pieces at shops.

Inventory:

Hand Weapons
 c - a +0 short sword
 m - the +6 hunting sling of Oluqou (weapon) {freeze, Dex+3}
   (You took it off a kobold on level 2 of the Dungeon)

   Any ammunition fired from it freezes those it strikes, dealing additional
   cold damage.
   It can also slow down cold-blooded creatures.
   Dex:       It affects your dexterity (+3).
 C - a +0 hand crossbow
Missiles
 f - 106 stones (quivered ammo)
 i - 35 sling bullets
 j - 50 arrows
 l - 25 bolts
 r - 12 poisoned darts
 s - 7 boomerangs
 t - 5 javelins
Armour
 e - a +1 chain mail (worn)
 g - a +0 pair of gloves (worn)
 E - an orb of energy
Magical Staves
 k - a staff of cold
Jewellery
 w - a +6 ring of intelligence (left hand)
 x - an amulet of the acrobat
Wands
 b - a wand of polymorph (8)
 y - a wand of flame (19)
Scrolls
 d - 2 scrolls of magic mapping
 h - a scroll of fog
 n - 2 scrolls of summoning
 p - 2 scrolls of teleportation
 q - a scroll of blinking
 u - a scroll of identify
 z - a scroll of enchant armour
 D - a scroll of acquirement {unknown}
 G - a scroll of vulnerability {unknown}
Potions
 a - 2 potions of curing {unknown}
 o - a potion of lignification {unknown}
 v - a potion of heal wounds {unknown}
 A - 2 potions of brilliance {unknown}
 F - a potion of degeneration {unknown}
Miscellaneous
 B - a tin of tremorstones (2/2)


   Skills:
 + Level 3.5 Fighting
 + Level 1.7 Short Blades
 + Level 8.5 Slings
 + Level 5.3 Armour
 + Level 3.2 Dodging
 + Level 2.7 Stealth
 + Level 0.5 Unarmed Combat
 + Level 2.4 Spellcasting
 + Level 4.4 Conjurations


You had 10 spell levels left.
You knew the following spells:

 Your Spells              Type           Power      Damage    Failure   Level
a - Magic Dart            Conj           100%       1d8       52%         1

Your spell library contained the following spells:

 Spells                   Type           Power      Damage    Failure   Level
 Searing Ray              Conj           54%        2d6       65%         2
 Ensorcelled Hibernation  Hex/Ice        6%         N/A       99%         2
 Passwall                 Tmut/Erth      2%         N/A       99%         2
 Dazzling Flash           Conj/Hex       30%        N/A       99%         3
 Swiftness                Air            3%         N/A       100%        3
 Fulminant Prism          Conj/Hex       7%         3d7       100%        4
 Iskenderun's Mystic Bla  Conj/Tloc      15%        2d5       100%        4


Dungeon Overview and Level Annotations

Branches:
Dungeon (7/15)             Temple (1/1) D:5

Altars:
Cheibriados
Dithmenos
Elyvilon
Fedhas
Gozag
Hepliaklqana
Makhleb
Nemelex Xobeh
Okawaru
Qazlal
Ru
Sif Muna
Uskayaw
Vehumet
Wu Jian
Xom
Yredelemnul
Zin
The Shining One

Shops:
D:4 *

Annotations:
D:4 1 runed translucent door


Innate Abilities, Weirdness & Mutations

You are resistant to damage.
You can heal yourself by infusing magical energy.
You passively map a small area around you.
You do not regenerate.


Message History

An orc priest comes into view. It is wielding a +0 short sword.
The slime creature hits you!
The gnoll hits you from afar with a +0 spear.
* * * LOW HITPOINT WARNING * * *
Fire: 108 stones
Press: ? - help, Q - select action, (/) - cycle Shift-Dir - straight line, f/p - gnoll
Aim: a gnoll, wielding a +0 club (73% to hit)
You shoot a stone. The orc priest shouts!
The stone hits the slime creature!
The stone freezes the slime creature.
The slime creature is moderately wounded.
The gnoll hits you from afar with a +0 halberd.
Fire: 107 stones
Press: ? - help, Q - select action, (/) - cycle Shift-Dir - straight line, f/p - gnoll
Aim: a gnoll, wielding a +0 club (73% to hit)
You shoot a stone. The stone hits the slime creature!
The stone freezes the slime creature.
The slime creature is heavily wounded.
The slime creature completely misses you.
The gnoll hits you from afar with a +0 spear.
The gnoll hits you from afar with a +0 halberd!
* * * LOW HITPOINT WARNING * * *
The orc priest begins to cast a cantrip, but forgets the words!
You feel much better. The slime creature barely misses you.
The titanic slime creature hits you!!
* * * LOW HITPOINT WARNING * * *
The gnoll hits you from afar with a +0 spear.
* * * LOW HITPOINT WARNING * * *
The gnoll hits you from afar with a +0 halberd.
* * * LOW HITPOINT WARNING * * *
Your magical essence is drained by the effort!
You feel much better. The slime creature hits you.
The titanic slime creature hits you!!
* * * LOW HITPOINT WARNING * * *
The gnoll barely misses you. The gnoll hits you but does no damage.
You feel much better. The slime creature hits you!
The titanic slime creature hits you!!!!
Ouch! That really hurt!
You die...
Your body disappears without a glow.

* . , * #.
, ..* ,. ,
.# ..
.###...
O".....
###Jg.....*
* *
#.@Jggo...
#<##g.....
, #. ,...:.
*#. , <...
.. , ###
,.# *** ,
.# * , # ,
*,


You could see a titanic slime creature, a slime creature, an ogre, a gnoll
shaman, an orc priest and 3 gnolls.

Vanquished Creatures
  The ghost of safid the Chopper, an amateur HOFi (D:4)
  Eustachio (D:5)
  A steam dragon (D:4)
  2 black bears
  A necrophage (D:5)
  An ogre (D:4)
  2 scorpions (D:4)
  A wyvern skeleton (D:4)
  A howler monkey (D:6)
  4 hounds
  2 bullfrog skeletons (D:5)
  3 orc priests
  2 centaur skeletons (D:6)
  A gnoll shaman (D:6)
  4 iguanas
  A hound skeleton (D:4)
  7 adders
  10 gnolls
  2 howler monkey skeletons (D:6)
  An adder skeleton (D:4)
  3 worms
  A dart slug (D:1)
  12 orcs
  5 endoplasms
  A giant cockroach (D:3)
  2 hobgoblins (D:1)
  9 jackals
  3 kobolds
  2 quokkas (D:4)
  8 ball pythons
  4 bats
  4 frilled lizards (D:1)
  4 goblins
  5 rats
111 creatures vanquished.

Notes
Turn   | Place    | Note
-------+----------+-------------------------------------------
     0 | D:1      | nerdsy the Deep Dwarf Conjurer began the quest for the Orb.
     0 | D:1      | Reached XP level 1. HP: 15/15 MP: 3/3
   214 | D:1      | Reached XP level 2. HP: 11/22 MP: 4/4
   786 | D:2      | Reached XP level 3. HP: 17/28 MP: 4/4
   845 | D:2      | Reached skill level 1 in Short Blades
   896 | D:2      | Found a faded altar of an unknown god.
  1195 | D:2      | Identified the +6 hunting sling of Oluqou {freeze, Dex+3}
  1356 | D:3      | Found a stormy altar of Qazlal.
  1560 | D:3      | Reached skill level 1 in Fighting
  1560 | D:3      | Reached XP level 4. HP: 19/38 MP: 4/4
  1599 | D:3      | Reached skill level 1 in Slings
  1599 | D:3      | Reached skill level 1 in Armour
  1773 | D:3      | Reached skill level 2 in Slings
  1852 | D:4      | Reached XP level 5. HP: 33/44 MP: 5/5
  1862 | D:4      | Reached skill level 3 in Slings
  1872 | D:4      | Reached XP level 6. HP: 19/51 MP: 5/5
  1975 | D:4      | Found a runed translucent door.
  1977 | D:4      | Found a shimmering altar of Xom.
  1977 | D:4      | Noticed safid's ghost (amateur HOFi)
  2000 | D:4      | Reached skill level 4 in Slings
  2197 | D:4      | Reached XP level 7. HP: 33/58 MP: 3/3
  2245 | D:4      | Found a runed translucent door.
  2263 | D:4      | Noticed a steam dragon
  2269 | D:4      | Killed a steam dragon
  2270 | D:4      | Reached skill level 5 in Slings
  2436 | D:4      | Found a hazy altar of Hepliaklqana.
  2440 | D:4      | Found a glowing golden altar of the Shining One.
  2443 | D:4      | Found a basalt altar of Yredelemnul.
  2443 | D:4      | Found a white marble altar of Elyvilon.
  2450 | D:4      | Found a radiant altar of Vehumet.
  2455 | D:4      | You fall into a shaft and drop 1 floor!
  2455 | D:5      | Entered Level 5 of the Dungeon
  2515 | D:5      | Reached skill level 6 in Slings
  2702 | D:5      | Noticed Eustachio
  2710 | D:5      | Reached XP level 8. HP: 63/68 MP: 4/4
  2720 | D:5      | Killed Eustachio
  2721 | D:5      | Reached skill level 7 in Slings
  2845 | D:5      | Found a staircase to the Ecumenical Temple.
  2851 | Temple   | Entered the Ecumenical Temple
  2966 | Temple   | Became a worshipper of Nemelex Xobeh the Trickster
  3181 | D:4      | Found Faalox's CLEARANCE SALE!.
  3234 | D:4      | Bought a scroll of enchant armour for 45 gold pieces
  3542 | D:4      | Killed safid's ghost
  3543 | D:4      | Reached skill level 5 in Armour
  3843 | D:6      | Reached skill level 8 in Slings
  4119 | D:6      | Reached * piety under Nemelex Xobeh
  4308 | D:6      | Found a glowing silver altar of Zin.
  4465 | D:7      | Noticed a slime creature
  4465 | D:7      | Noticed a slime creature
  4465 | D:7      | Noticed a slime creature
  4465 | D:7      | Noticed a slime creature
  4465 | D:7      | Noticed a slime creature
  4465 | D:7      | Noticed a slime creature
  4465 | D:7      | Received a gift from Nemelex Xobeh
  4478 | D:7      | HP: 3/69 [gnoll/+0 halberd (4)]
  4480 | D:7      | Annihilated by a titanic slime creature

Illustrated notes

Levels and vault maps discovered:
D:1:      dpeg_arrival_simpleton_b, layout_basic, serial_curves, eino_curves_02,
          eino_curves_02, eino_curves_03, eino_curves_04
D:2:      layout_rooms, shapermc_ecumenical_altar_pompeii, kennysheep_boxes
D:3:      layout_rooms, nicolae_qazlal_eye_of_the_storm
D:4:      layout_loops_ring, xom_teletrap_fun,
          nicolae_overflow_hallway_of_the_gods, ebering_ghost_sewer_f,
          chequers_arboretum, serial_park_tiny_pond, nicolae_shop_clearance
D:5:      layout_cave_pools, minmay_temple_entry_enclosed_plants, uniq_eustachio
D:6:      layout_basic, zin_academy
D:7:      layout_rooms, uniq_duvessa
Temple:   jpeg_temple_clearing

Skill      XL: |  1  2  3  4  5  6  7  8 |
---------------+-------------------------+-----
Conjurations   | 4 |  4.4
Short Blades   | 1 |  1.7
Fighting       | 1 2 3 |  3.5
Slings         | 2 3 4 6 8 |  8.5
Armour         | 2 4 5 |  5.3
Dodging        | 3 |  3.2
Spellcasting   | 2 |  2.4
Stealth        | |  2.7
Unarmed Combat | |  0.5

Action                   |  1- 3 |  4- 6 |  7- 9 || total
-------------------------+-------+-------+-------++-------
Melee: Unarmed           |    26 |       |       ||    26
       Short sword       |   133 |       |       ||   133
       Punch             |     3 |       |       ||     3
 Fire: Hunting sling     |    21 |   104 |   209 ||   334
 Cast: Magic Dart        |     4 |       |    10 ||    14
 Abil: Heal Wounds       |     4 |     8 |     9 ||    21
  Use: Scroll            |       |       |     6 ||     6
Armor: Robe              |     7 |       |       ||     7
       Chain mail        |   165 |    71 |   110 ||   346
Dodge: Dodged            |    49 |    34 |    56 ||   139
